 Dungeon Crawl Stone Soup version 0.17-a0-155-g14e20c2 (webtiles) character file.

19400 Tabbe the Eclecticist (level 12, -5/59 HPs)
             Began as a Deep Elf Wizard on Mar 24, 2015.
             Was a High Priest of Vehumet.
             Slain by a sun demon (18 damage)
             ... on level 1 of the Abyss on Mar 25, 2015.
             The game lasted 01:05:35 (17558 turns).

Tabbe the Eclecticist (Deep Elf Wizard)            Turns: 17558, Time: 01:05:35

Health: -5/59      AC: 15    Str:  4      XL:     12   Next: 36%
Magic:  29/36      EV: 12    Int: 29      God:    Vehumet [*****.]
Gold:   1527       SH:  0    Dex: 12 (13) Spells: 12 memorised, 10 levels left

rFire  . . .     SeeInvis .     b - +1 blowgun
rCold  + . .     Clarity  .     L - +5 steam dragon armour
rNeg   . . .     SustAb   .     (no shield)
rPois  +         Gourm    .     k - +2 helmet
rElec  .         Spirit   .     E - +2 cloak
rCorr  .         Warding  .     M - +0 pair of gloves {archery}
rMut   .         Stasis   .     (no boots)
MR     +....                    (no amulet)
Stlth  +++.......               K - ring "Kiamn" {rC+ AC+1}
                                D - ring of poison resistance

@: very slightly contaminated, non-regenerating, mildly diseased, somewhat
resistant to hostile enchantments, fairly stealthy
A: deformed body
a: Renounce Religion


You were on level 1 of the Abyss.
You worshipped Vehumet.
Vehumet was extremely pleased with you.
You were near starving.

You visited 2 branches of the dungeon, and saw 15 of its levels.
You visited the Abyss 1 time.
You also visited: Sewer and Bailey.

You collected 1707 gold pieces.
You spent 180 gold pieces at shops.

Inventory:

Hand weapons
 a - a +1 dagger of draining
 b - a +1 blowgun (weapon)
Armour
 k - a +2 helmet (worn)
 s - a +2 robe of magic resistance
 E - a +2 cloak (worn)
 L - a +5 steam dragon armour (worn)
 M - a +0 pair of gloves of archery (worn)
Jewellery
 j - an uncursed ring of ice
 t - an uncursed ring of sustain abilities
 x - a +3 ring of dexterity
 z - an uncursed ring of protection from magic
 C - an uncursed ring of fire
 D - a ring of poison resistance (left hand)
 F - an uncursed ring of teleportation
 K - the ring "Kiamn" (right hand) {rC+ AC+1}
   (You found it in a bailey)

   [ring of protection]

   It affects your AC (+1).
   It protects you from cold.
 P - an uncursed ring of protection from magic
Magical devices
 i - a wand of slowing (18)
 o - a wand of draining (0)
 v - a wand of cold (8)
 Q - a wand of frost (18)
Scrolls
 q - 2 scrolls of amnesia
 u - 2 scrolls of magic mapping
 A - 5 scrolls of remove curse
 H - 2 scrolls of enchant weapon
 N - a scroll of recharging
Potions
 e - 3 potions of magic {unknown}
 g - 12 potions of curing
 h - 2 potions of heal wounds
 l - 3 potions of flight
 n - 5 potions of haste
 p - a potion of berserk rage
 r - a potion of lignification {unknown}
 I - a potion of might
Books
 c - a book of Minor Magic

   Spells                             Type                      Level
   a - Magic Dart                     Conjuration                  1
   b - Blink                          Translocation                2
   c - Call Imp                       Summoning                    2
   d - Repel Missiles                 Charms/Air                   2
   e - Slow                           Hexes                        2
   f - Conjure Flame                  Conjuration/Fire             3
   g - Mephitic Cloud                 Conjuration/Poison/Air       3
 B - a book of Flames

   Spells                             Type                      Level
   a - Flame Tongue                   Conjuration/Fire             1
   b - Throw Flame                    Conjuration/Fire             2
   c - Conjure Flame                  Conjuration/Fire             3
   d - Inner Flame                    Hexes/Fire                   3
   e - Sticky Flame                   Conjuration/Fire             4
   f - Fireball                       Conjuration/Fire             5
 S - a book of Unlife

   Spells                             Type                      Level
   a - Recall                         Summoning/Translocation      3
   b - Animate Dead                   Necromancy                   4
   c - Control Undead                 Necromancy                   4
   d - Cigotuvi's Embrace             Necromancy                   5
   e - Death Channel                  Necromancy                   6
   f - Simulacrum                     Ice/Necromancy               6
Comestibles
 d - 11 bread rations
 f - 6 meat rations
 m - a royal jelly
 R - 9 slices of pizza


   Skills:
 - Level 2.4 Dodging
 - Level 7.0 Stealth
 - Level 15.0 Spellcasting
 + Level 15.0 Conjurations
 - Level 1.1 Summonings
 - Level 1.1 Translocations
 - Level 8.3 Fire Magic


You had 10 spell levels left.
You knew the following spells:

 Your Spells              Type           Power        Failure   Level  Hunger
a - Flame Tongue          Conj/Fire      #####        1%          1    None
b - Blink                 Tloc           N/A          2%          2    None
c - Call Imp              Summ           ####....     2%          2    None
d - Repel Missiles        Chrm/Air       ###...       3%          2    None
e - Slow                  Hex            ###.....     3%          2    None
f - Conjure Flame         Conj/Fire      ######..     1%          3    None
g - Mephitic Cloud        Conj/Pois/Air  ######..     1%          3    None
h - Freeze                Ice            ###.         1%          1    None
i - Magic Dart            Conj           ####         0%          1    None
j - Sticky Flame          Conj/Fire      ######..     1%          4    None
k - Fireball              Conj/Fire      ######....   1%          5    None
l - Cigotuvi's Embrace    Necr           ###.......   71%         5    None


Dungeon Overview and Level Annotations

Branches:
Dungeon (11/15)            Temple (0/1) D:7             Orc (4/4) D:10
    Elf (0/3) Orc:4
   Lair: D:8-11

Altars:
Ashenzari
Elyvilon
Nemelex Xobeh
Okawaru
Qazlal
Trog
Vehumet
Xom
Zin

Shops:
D:4 =   D:5 %   D:6 }   Orc:2 ?::?   Orc:4 *


Innate Abilities, Weirdness & Mutations

Armour fits poorly on your strangely shaped body.


Message History

Your extra speed is starting to run out.
Casting: Blink
Confirm with . or Enter, or press ? or * to list all spells.
A powerful magic prevents control of your teleportation.
You blink.
A large abomination comes into view.
The large abomination moves out of view.
You feel yourself slow down.
An orange demon comes into view.
A small abomination comes into view.
The orange demon screeches!
A sun demon comes into view.
You repair your equipment.
The sun demon shouts!
The small abomination misses you.
The small abomination barely misses you.
The sun demon hits you.
You are engulfed in flames!
The sun demon hits you!
* * * LOW HITPOINT WARNING * * *
You are engulfed in flames!!
You die...

....##.# .##.##...
#...#.##.#.. .. .
#..#..##...#.## ##
##.#...# ##.
#.##.......## .X
#..#.##.....# .ยง
#..##...#.###
###..####..4......#
........@x#.##...##
...##.##.3## ..#.#
#.#...#.##.#
##.#.#.## . . .. #
## ..# .#. ...# .


You could see a sun demon, an orange demon and a small abomination.

Vanquished Creatures
  An orc warlord (Orc:4)
  3 ogre magi (Orc:4)
  A deep elf knight (Orc:4)
  A hill giant (D:11)
  A gargoyle (D:10)
  2 large abominations (Abyss:1)
  A troll (D:10)
  14 two-headed ogres
  3 small abominations (Abyss:1)
  3 yaks (D:10)
  A wyvern (D:7)
  A spriggan (D:9)
  A hippogriff (D:10)
  A steam dragon (D:10)
  Edmund (D:7)
  A warg (Orc:4)
  22 orc warriors
  A black bear (D:10)
  Purgy (Sewer)
  22 ogres
  3 sky beasts
  2 phantoms
  A necrophage (D:7)
  5 centaurs
  An ice beast (D:8)
  2 wasps (D:10)
  2 crocodiles
  2 big kobolds
  3 scorpions
  4 giant frogs
  19 killer bees
  4 wights
  2 giant frog zombies
  2 goliath beetles
  3 crimson imps
  A centaur zombie (D:5)
  A quasit (D:6)
  A jelly (D:8)
  17 orc priests
  25 orc wizards
  9 worker ants
  5 iguanas
  8 hounds
  A hound skeleton (D:10)
  A hound zombie (D:5)
  Robin (D:3)
  A worker ant zombie (D:8)
  7 adders
  2 shadow imps (D:5)
  4 giant mites
  3 worms
  2 adder zombies
  10 giant geckos
  An ooze (D:3)
  127 orcs
  8 ball pythons
  A bat skeleton (D:4)
  34 goblins
  24 hobgoblins
  12 jackals
  4 quokkas
  20 bats
  12 giant cockroaches
  12 giant newts
  3 giant spores
  18 kobolds
  2 quokka skeletons
  12 rats
  8 ballistomycetes
534 creatures vanquished.

Vanquished Creatures (collateral kills)
  Harold (Orc:2)
  An ice beast (D:6)
  An orc warrior (D:6)
  A phantom (D:4)
  Sigmund (D:6)
  A giant frog (D:10)
  3 killer bees
  A goliath beetle (D:6)
  A quasit (D:7)
  Ijyb (D:2)
  2 hobgoblins
  A jackal (D:2)
  A bat (D:6)
  2 goblins (D:3)
  A rat (D:3)
  8 ballistomycetes
27 creatures vanquished.

Vanquished Creatures (others)
  A killer bee (D:10)
  8 crimson imps
  2 shadow imps
  7 white imps
  A quokka (D:3)
  A giant spore (D:6)
  A ballistomycete (D:10)
21 creatures vanquished.

Grand Total: 582 creatures vanquished

Notes
Turn   | Place    | Note
--------------------------------------------------------------
     0 | D:1      | Tabbe, the Deep Elf Wizard, began the quest for the Orb.
     0 | D:1      | Reached XP level 1. HP: 10/10 MP: 6/6
   474 | D:1      | Reached XP level 2. HP: 15/15 MP: 2/10
   565 | D:1      | Reached skill level 5 in Spellcasting
  1342 | D:2      | Reached XP level 3. HP: 17/19 MP: 5/14
  1352 | D:2      | Learned a level 2 spell: Blink
  1355 | D:2      | Learned a level 2 spell: Call Imp
  1358 | D:2      | Learned a level 2 spell: Repel Missiles
  1361 | D:2      | Learned a level 2 spell: Slow
  1365 | D:2      | Learned a level 3 spell: Conjure Flame
  1758 | D:2      | Noticed Ijyb
  1769 | D:2      | Killed Ijyb
  1769 | D:2      | Reached XP level 4. HP: 24/24 MP: 6/18
  1875 | D:2      | Found a sparkling altar of Nemelex Xobeh.
  1945 | D:2      | Reached skill level 6 in Spellcasting
  2480 | D:3      | Found a white marble altar of Elyvilon.
  2517 | D:3      | Noticed Robin
  3195 | D:3      | Killed Robin
  3195 | D:3      | Reached XP level 5. HP: 28/28 MP: 9/21
  3840 | D:3      | Learned a level 3 spell: Mephitic Cloud
  3944 | D:3      | Reached skill level 7 in Spellcasting
  4028 | D:4      | Found a stormy altar of Qazlal.
  4028 | D:4      | Found a glowing silver altar of Zin.
  4029 | D:4      | Found a shimmering altar of Xom.
  4177 | D:4      | Reached XP level 6. HP: 14/32 MP: 12/23
  4789 | D:4      | Found Qoru's Jewellery Shop.
  4896 | D:4      | Noticed a phantom
  4916 | D:4      | Killed a phantom
  5117 | D:5      | Entered Level 5 of the Dungeon
  5126 | D:5      | Reached skill level 8 in Spellcasting
  5133 | D:5      | Reached skill level 5 in Stealth
  5485 | D:5      | Found a glowing drain.
  5496 | D:5      | Reached XP level 7. HP: 33/36 MP: 9/26
  5552 | Sewer    | Entered a sewer
  5660 | Sewer    | Noticed Purgy
  5667 | Sewer    | Killed Purgy
  5864 | D:5      | Found a radiant altar of Vehumet.
  5904 | D:5      | Found Xaoner's Food Shoppe.
  5991 | D:5      | Reached skill level 9 in Spellcasting
  6999 | D:6      | Noticed Sigmund
  7034 | D:5      | Became a worshipper of Vehumet
  7164 | D:6      | Killed Sigmund
  7164 | D:6      | Reached XP level 8. HP: 41/41 MP: 15/28
  7261 | D:6      | Reached skill level 10 in Spellcasting
  7261 | D:6      | Reached skill level 5 in Conjurations
  7727 | D:6      | Found Gherchin's Gadget Shop.
  8024 | D:7      | Found a staircase to the Ecumenical Temple.
  8180 | D:7      | Acquired Vehumet's first power
  8180 | D:7      | Offered knowledge of Freeze by Vehumet.
  8183 | D:7      | Learned a level 1 spell: Freeze
  8428 | D:7      | Found a shattered altar of Ashenzari.
  8459 | D:7      | Reached skill level 11 in Spellcasting
  9144 | D:7      | Reached XP level 9. HP: 43/45 MP: 24/31
  9605 | D:7      | Reached skill level 12 in Spellcasting
  9629 | D:7      | Noticed Edmund
  9656 | D:7      | Killed Edmund
 10117 | D:8      | Reached skill level 13 in Spellcasting
 10219 | D:8      | Offered knowledge of Flame Tongue by Vehumet.
 10225 | D:8      | Learned a level 1 spell: Flame Tongue
 10259 | D:8      | Reached skill level 1 in Fire Magic
 10571 | D:8      | Reached XP level 10. HP: 50/50 MP: 4/34
 11089 | D:9      | Reached skill level 5 in Fire Magic
 11139 | D:9      | Found a flagged portal.
 11151 | Bailey   | Entered a bailey
 11219 | Bailey   | Offered knowledge of Searing Ray by Vehumet.
 11317 | Bailey   | Acquired Vehumet's second power
 11444 | Bailey   | Got a translucent tin ring
 11450 | Bailey   | Identified the ring "Kiamn" {rC+ AC+1} (You found it in a bailey)
 11561 | D:9      | Reached skill level 14 in Spellcasting
 11602 | D:9      | Found a stormy altar of Qazlal.
 11738 | D:9      | Offered knowledge of Static Discharge by Vehumet.
 12567 | D:10     | Entered Level 10 of the Dungeon
 13111 | D:10     | Acquired Vehumet's third power
 13278 | D:10     | Offered knowledge of Airstrike by Vehumet.
 13464 | D:10     | Found a staircase to the Orcish Mines.
 13670 | D:10     | Reached XP level 11. HP: 54/54 MP: 30/35
 13974 | D:10     | Learned a level 4 spell: Sticky Flame
 13980 | D:10     | Learned a level 5 spell: Fireball
 13986 | D:10     | Learned a level 5 spell: Cigotuvi's Embrace
 14287 | D:10     | Reached skill level 10 in Conjurations
 14402 | D:11     | Noticed a hill giant
 14412 | D:11     | Noticed a hill giant
 14413 | D:11     | Killed a hill giant
 14413 | D:11     | Reached skill level 15 in Spellcasting
 14546 | Orc:1    | Entered Level 1 of the Orcish Mines
 14565 | Orc:1    | Upgraded the game from 0.17-a0-131-ga9cda9c to 0.17-a0-155-g14e20c2
 14620 | Orc:1    | Offered knowledge of Ignite Poison by Vehumet.
 14750 | Orc:1    | Found a bloodstained altar of Trog.
 15145 | Orc:2    | Found Veipem's Magic Scroll Shoppe.
 15189 | Orc:2    | Bought a scroll of identify for 24 gold pieces
 15189 | Orc:2    | Bought a scroll of teleportation for 36 gold pieces
 15248 | Orc:2    | Found Paagauv's Book Shop.
 15273 | Orc:2    | Noticed Harold
 15446 | Orc:2    | Found Giak's Book Boutique.
 15486 | Orc:2    | Killed Harold
 15573 | Orc:2    | Found Hoafebb's Magic Scroll Emporium.
 15580 | Orc:2    | Bought a scroll of enchant armour for 120 gold pieces
 15958 | Orc:4    | Entered Level 4 of the Orcish Mines
 16186 | Orc:4    | Found a staircase to the Elven Halls.
 16214 | Orc:4    | Noticed a deep elf knight
 16224 | Orc:4    | Killed a deep elf knight
 16237 | Orc:4    | Noticed an orc warlord
 16238 | Orc:4    | Found Qaolao's Assorted Antiques.
 16240 | Orc:4    | Offered knowledge of Bolt of Cold by Vehumet.
 16273 | Orc:4    | Killed an orc warlord
 16502 | Orc:4    | Noticed an ogre mage
 16682 | Orc:4    | Noticed an ogre mage
 16686 | Orc:4    | Killed an ogre mage
 16845 | Orc:4    | Reached XP level 12. HP: 59/59 MP: 15/36
 16915 | Orc:4    | Found an iron altar of Okawaru.
 17056 | Orc:4    | Noticed an ogre mage
 17057 | Orc:4    | Noticed an ogre mage
 17061 | Orc:4    | Killed an ogre mage
 17068 | Orc:4    | Killed an ogre mage
 17094 | Orc:4    | Cast into the Abyss (an ogre mage)
 17310 | Abyss:1  | Noticed a rakshasa
 17327 | Abyss:1  | Gained mutation: Armour fits poorly on your strangely shaped body. [a neqoxec]
 17527 | Abyss:1  | Reached skill level 15 in Conjurations
 17558 | Abyss:1  | Slain by a sun demon

Action                   |  1- 3 |  4- 6 |  7- 9 | 10-12 || total
-------------------------+-------+-------+-------+-------++-------
Melee: Unarmed           |     3 |     8 |       |       ||    11
       Dagger            |       |    12 |   132 |    44 ||   188
       Blowgun           |       |       |       |     3 ||     3
 Fire: Blowgun           |       |       |    38 |   101 ||   139
 Cast: Magic Dart        |    91 |   259 |   342 |    21 ||   713
       Call Imp          |     6 |    12 |    26 |    11 ||    55
       Blink             |       |     4 |     8 |    17 ||    29
       Conjure Flame     |       |     5 |    10 |    23 ||    38
       Slow              |       |     4 |     6 |     1 ||    11
       Mephitic Cloud    |       |       |    44 |    65 ||   109
       Repel Missiles    |       |       |     1 |     2 ||     3
       Flame Tongue      |       |       |     9 |   488 ||   497
       Freeze            |       |       |       |     2 ||     2
       Fireball          |       |       |       |    40 ||    40
       Sticky Flame      |       |       |       |    14 ||    14
Evoke: Wand              |       |       |     4 |     6 ||    10
  Use: Potion            |       |     2 |       |     5 ||     7
       Scroll            |       |     2 |    11 |    14 ||    27
 Stab: Confused          |       |       |     5 |     5 ||    10
       Sleeping          |       |       |     2 |    11 ||    13
       Distracted        |       |       |       |     2 ||     2
  Eat: Chunk             |     2 |    11 |    14 |    18 ||    45
       Royal jelly       |       |       |     1 |     1 ||     2
